 Dungeon Crawl Stone Soup version 0.31-a0-640-g39d97e502b (webtiles) character file.

Game seed: 17639550095490444830

5272 qw the Skirmisher (level 10, 0/64 HPs)
             Began as a Gargoyle Hunter on Aug 27, 2023.
             Was a Believer of Okawaru.
             Slain by a death knight
             ... wielding a +0 glaive
              (17 damage)
             ... on level 9 of the Dungeon.
             The game lasted 00:03:28 (6386 turns).

qw the Skirmisher (Gargoyle Hunter)                 Turns: 6386, Time: 00:03:28

Health: 0/64       AC: 20    Str: 13 (15) XL:     10   Next: 62%
Magic:  11/13      EV: 16    Int:  9 (10) God:    Okawaru [**....]
Gold:   306        SH:  5    Dex: 17      Spells: 9/9 levels left

rFire   . . .        k - +0 arbalest (elec)
rCold   . . .        (shield currently unavailable)
rNeg    + . .        w - +3 leather armour
rPois   inf          q - +0 helmet
rElec   +            c - +0 cloak
rCorr   .            a - +2 pair of gloves of Supple Strength {+Blink}
SInv    +            (no boots)
Will    +....        e - amulet of reflection
Stlth   +++          i - ring of see invisible
HPRegen 0.30/turn    r - ring of willpower
MPRegen 0.13/turn

%: reflection
@: about to teleport, heroic
A: sickness immunity, AC +7, negative energy resistance 1, electricity
resistance, torment resistance 1, petrification resistance
a: Renounce Religion, Evoke Blink, Heroism


You were on level 9 of the Dungeon.
You worshipped Okawaru.
Okawaru was pleased with you.
You visited 2 branches of the dungeon, and saw 10 of its levels.

You collected 950 gold pieces.
You spent 644 gold pieces at shops.


Innate Abilities, Weirdness & Mutations

You are immune to sickness and miasma.
Your stone body is resilient. (AC +7)
You are immune to poison.
You resist negative energy. (rN+)
You are resistant to electric shocks. (rElec)
You are resistant to unholy torment.
You are immune to petrification.


   Skills:
 - Level 8.0(13.0) Fighting
 - Level 12.9(17.9) Ranged Weapons
 - Level 3.2(8.2) Armour
 + Level 3.0(8.0) Dodging
 - Level 1.1(6.1) Stealth
 - Level 4.1 Invocations


You had 9 spell levels left.
You didn't know any spells.
Your spell library was empty.

Inventory:

Hand Weapons
 k - a +0 arbalest of electrocution (weapon)
Armour
 a - the +2 pair of gloves of Supple Strength (worn) {+Blink}
   (You acquired it on level 4 of the Dungeon)

   +Blink:    It lets you blink.
 c - a +0 cloak (worn)
 m - a +0 leather armour of fire resistance
 q - a +0 helmet (worn)
 w - a +3 leather armour (worn)
Jewellery
 e - an amulet of reflection (around neck)
 i - a ring of see invisible (left hand)
 p - a ring of resist corrosion
 r - a ring of willpower (right hand)
 Y - a ring of resist corrosion
Scrolls
 b - a scroll of teleportation
 h - a scroll of identify
Potions
 f - 2 potions of cancellation
 g - a potion of haste
 l - 2 potions of curing
 o - a potion of might {unknown}
 s - a potion of resistance
 u - a potion of mutation {unknown}

Dungeon Overview and Level Annotations

Branches:
Dungeon (9/15)             Temple (1/1) D:6             Orc (0/2) D:9
   Lair: D:8-11

Altars:
Cheibriados
Dithmenos
Elyvilon
Fedhas
Gozag
Hepliaklqana
Kikubaaqudgha
Makhleb
Nemelex Xobeh
Okawaru
Qazlal
Ru
Sif Muna
Trog
Uskayaw
Wu Jian
Xom
Yredelemnul
Zin
The Shining One

Shops:
D:1 :   D:6 (*[*   D:8 :

Annotations:
D:7 2 transporters, qw's ghost, novice GrHu


Message History

Enter note:
6377 ||| Stepping ~*~*~tactically~*~*~ (retreating).
Enter note:
Enter note:
6378 ||| Stepping ~*~*~tactically~*~*~ (retreating).
You shoot a bolt. The bolt hits the two-headed ogre!!
Lightning courses through the two-headed ogre!
You kill the two-headed ogre!
Okawaru is honoured by your kill.
You feel your dexterity returning.
You shoot a bolt.
The bolt barely misses the howler monkey.
The howler monkey hoots and howls with incredible vigour!
You hear an angry hiss. x2; You hear an angry buzzing noise.
You hear a shout!
You shoot a bolt. The bolt hits the howler monkey!
The howler monkey is almost dead.
You feel like a meek peon again. The howler monkey misses you.
The gnoll sergeant hits you from afar with a +2 trident of holy wrath.
6382 ||| INVOKING Heroism.
You gain the combat prowess of a mighty hero.
The howler monkey hits you but does no damage.
You shoot a bolt.
The bolt barely misses the howler monkey.
The howler monkey hits you but does no damage.
The howler monkey closely misses you.
You shoot a bolt.
The bolt barely misses the howler monkey.
The death knight closely misses you.
The howler monkey completely misses you.
You shoot a bolt.
The bolt closely misses the howler monkey.
The death knight hits you from afar with a +0 glaive!!
The howler monkey barely misses you.
6386 ||| READING 2 scrolls of teleportation.
As you read the scroll of teleportation, it crumbles to dust.
You feel strangely unstable.
The howler monkey hoots and howls with incredible vigour!
The death knight hits you from afar with a +0 glaive!
You die...

#.#...# #.#...###########
#.#...##......... #
#.#....:.#####... ..
#.#.)#####...####
#...#####.#.))....._..... .#
...........#####...#### #.#
##.####.#......#####... #.#
#.....@.#..##.......... 7#.#
.#.###h###..# .........# 7 7.#.#
.......pg....# ........##
.7.7#.###########h##.##........#
7.77.......ph.gO)g.............#
l.......###########............#
7.77....# #..............##.#
.7.7#...# ##.#####.#...##.##.# 7
7.#.#.# #....###...#.##.##.#


You could see a death knight and a howler monkey.

Vanquished Creatures
  A two-headed ogre (D:9)
  An unseen horror (D:9)
  A hornet (D:8)
  A shadow (D:9)
  A vampire (D:9)
  A wraith (D:8)
  2 steam dragons
  2 water moccasins
  An acid dragon (D:8)
  An ice beast (D:5)
  A sky beast (D:5)
  5 orc warriors
  2 black bears
  2 ogres
  A phantom (D:7)
  4 centaurs
  2 bullfrogs
  3 kobold brigands
  A scorpion (D:4)
  2 wights
  5 killer bees
  A howler monkey (D:3)
  5 orc priests
  6 hounds
  2 jellies
  A gnoll bouda (D:7)
  3 iguanas
  10 orc wizards
  5 adders
  8 gnolls (D:7)
  2 white imps (D:7)
  An ufetubus (D:5)
  5 dart slugs
  44 orcs
  7 bats
  9 endoplasms
  A giant cockroach (D:2)
  8 goblins
  16 hobgoblins
  3 jackals (D:3)
  7 quokkas
  4 ball pythons
  A frilled lizard (D:1)
  23 kobolds
  6 rats
218 creatures vanquished.

Vanquished Creatures (others)
  A wight (D:9)
1 creature vanquished.

Grand Total: 219 creatures vanquished

Notes
Turn   | Place    | Note
-------+----------+-------------------------------------------
     0 | D:1      | qw the Gargoyle Hunter began the quest for the Orb.
     0 | D:1      | Reached XP level 1. HP: 12/12 MP: 1/1
     0 | D:1      | 0 ||| qw: Version: 0.3-a-74-g0d5e918
     0 | D:1      | 0 ||| qw: Game counter: 159
     0 | D:1      | 0 ||| qw: Melee chars always use a shield: true
     0 | D:1      | 0 ||| qw: God list: Okawaru
     0 | D:1      | 0 ||| qw: Allow faded altars: false
     0 | D:1      | 0 ||| qw: Do Orc after clearing Dungeon:15 true
     0 | D:1      | 0 ||| qw: Do second Lair branch before Depths: true
     0 | D:1      | 0 ||| qw: Lair rune preference: random
     0 | D:1      | 0 ||| qw: Goals: Normal
     0 | D:1      | 0 ||| PLANNING D:1-11
    17 | D:1      | 17 ||| Stepping ~*~*~tactically~*~*~ (outnumbered).
    19 | D:1      | 19 ||| Stepping ~*~*~tactically~*~*~ (outnumbered).
    21 | D:1      | 21 ||| Stepping ~*~*~tactically~*~*~ (outnumbered).
    23 | D:1      | 23 ||| Stepping ~*~*~tactically~*~*~ (outnumbered).
    25 | D:1      | 25 ||| Stepping ~*~*~tactically~*~*~ (outnumbered).
    49 | D:1      | Reached XP level 2. HP: 17/17 MP: 2/2
   424 | D:1      | Reached XP level 3. HP: 21/21 MP: 3/3
   431 | D:1      | Found a faded altar of an unknown god.
   492 | D:1      | Found Plog's Book Emporium.
   511 | D:1      | Reached skill level 5 in Ranged Weapons
   553 | D:1      | 553 ||| UPGRADING to amulet of reflection.
   558 | D:1      | 558 ||| READING scroll labelled TANUADASEC.
   559 | D:1      | 559 ||| DROPPING scroll of butterflies.
  1063 | D:2      | 1063 ||| DROPPING +2 sling of flaming.
  1133 | D:2      | 1133 ||| FLEEEEING.
  1134 | D:2      | 1134 ||| FLEEEEING.
  1136 | D:2      | 1136 ||| FLEEEEING.
  1141 | D:2      | Reached skill level 3 in Fighting
  1195 | D:2      | 1195 ||| UPGRADING to +0 ring mail.
  1205 | D:2      | 1205 ||| DROPPING +0 leather armour.
  1206 | D:2      | 1206 ||| READING 2 scrolls labelled WEUS YFYFA.
  1210 | D:2      | 1210 ||| READING 2 scrolls labelled KAUNLO HOSEIL.
  1211 | D:2      | 1211 ||| READING scroll labelled FUDURA CUC OCI.
  1212 | D:2      | 1212 ||| READING scroll labelled ODIWOMPIRU.
  1223 | D:3      | 1223 ||| STAIRDANCE
  1229 | D:3      | 1229 ||| STAIRDANCE
  1308 | D:3      | Reached XP level 4. HP: 28/28 MP: 4/4
  1345 | D:3      | Found a sacrificial altar of Ru.
  1489 | D:3      | Reached XP level 5. HP: 32/32 MP: 5/5
  1517 | D:3      | Noticed a kobold brigand
  1518 | D:3      | Noticed a kobold brigand
  1519 | D:3      | 1519 ||| Stepping ~*~*~tactically~*~*~ (retreating).
  1523 | D:3      | 1523 ||| Stepping ~*~*~tactically~*~*~ (retreating).
  1528 | D:3      | 1528 ||| Stepping ~*~*~tactically~*~*~ (retreating).
  1529 | D:3      | 1529 ||| Stepping ~*~*~tactically~*~*~ (retreating).
  1530 | D:3      | 1530 ||| Stepping ~*~*~tactically~*~*~ (retreating).
  1531 | D:3      | 1531 ||| RETREATING.
  1540 | D:3      | Killed a kobold brigand
  1541 | D:3      | Reached skill level 6 in Ranged Weapons
  1549 | D:3      | Killed a kobold brigand
  1550 | D:3      | Reached XP level 6. HP: 16/38 MP: 6/6
  1562 | D:3      | 1562 ||| FLEEEEING.
  1563 | D:3      | 1563 ||| FLEEEEING.
  1928 | D:3      | 1928 ||| UPGRADING to +0 leather armour of fire resistance.
  1938 | D:3      | 1938 ||| UPGRADING to ring of see invisible.
  1939 | D:3      | 1939 ||| UPGRADING to ring of resist corrosion.
  1940 | D:3      | 1940 ||| READING scroll labelled FYOTIS DEFYILU.
  1941 | D:3      | 1941 ||| DRINKING 2 cyan potions.
  1942 | D:3      | 1942 ||| READING 2 scrolls of identify.
  1942 | D:3      | 1942 ||| IDENTIFYING metallic inky potion
  1943 | D:3      | 1943 ||| DROPPING potion of attraction.
  1991 | D:4      | 1991 ||| STAIRDANCE
  2019 | D:4      | 2019 ||| Stepping ~*~*~tactically~*~*~ (outnumbered).
  2021 | D:4      | 2021 ||| Stepping ~*~*~tactically~*~*~ (outnumbered).
  2023 | D:4      | 2023 ||| Stepping ~*~*~tactically~*~*~ (outnumbered).
  2127 | D:4      | 2127 ||| Stepping ~*~*~tactically~*~*~ (water).
  2495 | D:4      | Reached skill level 7 in Ranged Weapons
  2495 | D:4      | Reached XP level 7. HP: 37/43 MP: 7/7
  3003 | D:4      | 3003 ||| UPGRADING to +0 cloak.
  3008 | D:4      | 3008 ||| DROPPING +6 ring of intelligence.
  3009 | D:4      | 3009 ||| READING scroll labelled AHAYTWA ARAXU.
  3009 | D:4      | Identified a scroll of acquirement
  3009 | D:4      | 3009 ||| ACQUIRING +2 pair of gloves of Supple Strength
                  | {+Blink}
  3009 | D:4      | Acquired the +2 pair of gloves of Supple Strength {+Blink}
  3011 | D:4      | 3011 ||| UPGRADING to +2 pair of gloves of Supple Strength
                  | {+Blink}.
  3016 | D:4      | 3016 ||| DRINKING 2 sapphire potions.
  3017 | D:4      | 3017 ||| READING 2 scrolls of identify.
  3017 | D:4      | 3017 ||| IDENTIFYING red potion
  3042 | D:5      | Entered Level 5 of the Dungeon
  3096 | D:5      | Reached skill level 8 in Ranged Weapons
  3290 | D:5      | Reached XP level 8. HP: 49/49 MP: 8/8
  3371 | D:5      | Reached skill level 9 in Ranged Weapons
  3692 | D:5      | Found a burning altar of Makhleb.
  3770 | D:5      | 3770 ||| UPGRADING to +0 helmet.
  3775 | D:5      | 3775 ||| READING scroll labelled WEORGH BACLU.
  3776 | D:5      | 3776 ||| READING scroll labelled ZUJATIA TURU.
  3804 | D:6      | Identified the +5 rapier "Zehan" {distort, rN+}
  3899 | D:6      | Reached skill level 6 in Fighting
  3925 | D:6      | Identified the +0 robe of the Minstrel {Str-2 Int+6}
  3931 | D:6      | Found Omias's Weapon Shop.
  3939 | D:6      | 3939 ||| BUYING +0 arbalest (45 gold).
  3939 | D:6      | Bought a +0 arbalest for 45 gold pieces
  3939 | D:6      | 3939 ||| SWAPPING to +0 arbalest.
  3940 | D:6      | 3940 ||| DROPPING +1 shortbow of flaming.
  3947 | D:6      | 3947 ||| READING scroll of brand weapon.
  3947 | D:6      | 3947 ||| BRANDING +0 arbalest.
  3978 | D:6      | Found Vuro's Antique Armour Shoppe.
  3979 | D:6      | Found Yssiaron's Assorted Antiques.
  3980 | D:6      | Found Hippu's Assorted Antiques.
  3986 | D:6      | 3986 ||| SHOPLISTING quicksilver dragon scales (1560 gold,
                  | have 181).
  4112 | D:6      | Reached skill level 10 in Ranged Weapons
  4112 | D:6      | Reached XP level 9. HP: 56/56 MP: 9/9
  4121 | D:6      | Found a staircase to the Ecumenical Temple.
  4122 | D:6      | 4122 ||| PLANNING TEMPLE
  4122 | D:6      | 4122 ||| DROPPING +0 ring mail.
  4123 | D:6      | 4123 ||| DROPPING +1 hat.
  4124 | D:6      | 4124 ||| DROPPING +0 robe of the Minstrel {Str-2 Int+6}.
  4125 | D:6      | 4125 ||| READING 2 scrolls labelled MITAGG QUOREZI.
  4126 | D:6      | 4126 ||| DROPPING scroll of fog.
  4135 | Temple   | Entered the Ecumenical Temple
  4136 | Temple   | 4136 ||| PLANNING OKAWARU WORSHIP
  4139 | Temple   | Became a worshipper of Warmaster Okawaru
  4140 | Temple   | 4140 ||| PLANNING D:1-11
  4201 | D:6      | Found a white marble altar of Elyvilon.
  4201 | D:6      | Found a glowing golden altar of the Shining One.
  4202 | D:6      | Found a hide-covered altar of Uskayaw.
  4512 | D:6      | 4512 ||| DRINKING 2 viscous yellow potions.
  4547 | D:6      | 4547 ||| DROPPING potion of lignification.
  4618 | D:6      | 4618 ||| BUYING pink potion (22 gold).
  4618 | D:6      | Bought a pink potion for 22 gold pieces
  4618 | D:6      | 4618 ||| BUYING scroll of teleportation (75 gold).
  4618 | D:6      | Bought a scroll of teleportation for 75 gold pieces
  4618 | D:6      | 4618 ||| BUYING sharpened bone wand (100 gold).
  4618 | D:6      | Bought a sharpened bone wand for 100 gold pieces
  4618 | D:6      | 4618 ||| DRINKING 2 pink potions.
  4619 | D:6      | 4619 ||| DROPPING wand of mindburst (8).
  4673 | D:7      | 4673 ||| Stepping ~*~*~tactically~*~*~ (outnumbered).
  4684 | D:7      | Reached skill level 3 in Dodging
  4689 | D:7      | 4689 ||| READING scroll of acquirement.
  4689 | D:7      | 4689 ||| ACQUIRING 620 gold pieces
  4689 | D:7      | Acquired 620 gold pieces
  4703 | D:7      | 4703 ||| RETREATING.
  4706 | D:7      | 4706 ||| Stepping ~*~*~tactically~*~*~ (retreating).
  4721 | D:7      | HP: 13/56 [water moccasin (5)]
  4722 | D:7      | 4722 ||| READING 3 scrolls of teleportation.
  4723 | D:7      | 4723 ||| DRINKING potion of heal wounds.
  4863 | D:7      | 4863 ||| READING scroll labelled TAS VIVUTESU.
  4864 | D:7      | 4864 ||| READING scroll labelled GAXYSEMEOC.
  4961 | D:6      | 4961 ||| BUYING blackened bronze wand (108 gold).
  4961 | D:6      | Bought a blackened bronze wand for 108 gold pieces
  4961 | D:6      | 4961 ||| BUYING bubbling brown potion (24 gold).
  4961 | D:6      | Bought a bubbling brown potion for 24 gold pieces
  4961 | D:6      | 4961 ||| BUYING lumpy bronze amulet (135 gold).
  4961 | D:6      | Bought a lumpy bronze amulet for 135 gold pieces
  4961 | D:6      | 4961 ||| BUYING ruby ring (135 gold).
  4961 | D:6      | Bought a ruby ring for 135 gold pieces
  4961 | D:6      | 4961 ||| DROPPING amulet of guardian spirit.
  4962 | D:6      | 4962 ||| UPGRADING to ring of willpower.
  4964 | D:6      | 4964 ||| DROPPING wand of acid (3).
  5085 | D:7      | 5085 ||| FLEEEEING.
  5094 | D:7      | Found a transporter.
  5098 | D:7      | Noticed qw's ghost (novice GrHu)
  5100 | D:7      | Noticed a moth of wrath
  5130 | D:7      | Found a transporter.
  5305 | D:7      | Reached * piety under Okawaru
  5367 | D:8      | Reached skill level 11 in Ranged Weapons
  5368 | D:8      | 5368 ||| STAIRDANCE
  5372 | D:7      | Reached skill level 1 in Invocations
  5388 | D:8      | 5388 ||| STAIRDANCE
  5423 | D:8      | Reached skill level 3 in Armour
  5467 | D:8      | 5467 ||| INVOKING Heroism.
  5500 | D:8      | 5500 ||| INVOKING Heroism.
  5503 | D:8      | Reached skill level 3 in Invocations
  5609 | D:8      | 5609 ||| Stepping ~*~*~tactically~*~*~ (outnumbered).
  5611 | D:8      | 5611 ||| Stepping ~*~*~tactically~*~*~ (outnumbered).
  5613 | D:8      | 5613 ||| INVOKING Heroism.
  5615 | D:8      | 5615 ||| Stepping ~*~*~tactically~*~*~ (outnumbered).
  5673 | D:8      | Found Yceawn's Self-Improvement Boutique.
  5745 | D:8      | Noticed a hornet
  5749 | D:8      | Killed a hornet
  5750 | D:8      | Reached XP level 10. HP: 64/64 MP: 11/13
  5786 | D:8      | 5786 ||| Stepping ~*~*~tactically~*~*~ (outnumbered).
  5826 | D:8      | 5826 ||| INVOKING Heroism.
  5944 | D:8      | 5944 ||| UPGRADING to +0 acid dragon scales.
  5954 | D:8      | 5954 ||| DROPPING +0 steam dragon scales.
  5955 | D:8      | 5955 ||| DROPPING +2 pair of gloves.
  5956 | D:8      | 5956 ||| UPGRADING to +3 leather armour.
  5966 | D:8      | 5966 ||| DROPPING +0 acid dragon scales.
  5967 | D:8      | 5967 ||| DRINKING 4 inky potions.
  5968 | D:8      | 5968 ||| DRINKING 2 murky golden potions.
  5969 | D:8      | 5969 ||| READING 2 scrolls of identify.
  5969 | D:8      | 5969 ||| IDENTIFYING bubbling brown potion
  5970 | D:8      | 5970 ||| DROPPING 3 potions of degeneration.
  5971 | D:8      | 5971 ||| DROPPING potion of brilliance.
  5996 | D:9      | 5996 ||| STAIRDANCE
  6030 | D:9      | 6030 ||| STAIRDANCE
  6046 | D:9      | 6046 ||| STAIRDANCE
  6118 | D:9      | Found a staircase to the Orcish Mines.
  6124 | D:9      | Found an opulent altar of Gozag.
  6145 | D:9      | 6145 ||| Stepping ~*~*~tactically~*~*~ (outnumbered).
  6147 | D:9      | 6147 ||| INVOKING Heroism.
  6228 | D:9      | 6228 ||| Stepping ~*~*~tactically~*~*~ (outnumbered).
  6230 | D:9      | 6230 ||| INVOKING Heroism.
  6241 | D:9      | Reached skill level 12 in Ranged Weapons
  6286 | D:9      | 6286 ||| Stepping ~*~*~tactically~*~*~ (outnumbered).
  6307 | D:9      | Noticed an unseen horror
  6318 | D:9      | 6318 ||| Stepping ~*~*~tactically~*~*~ (outnumbered).
  6319 | D:9      | Killed an unseen horror
  6319 | D:9      | Reached ** piety under Okawaru
  6353 | D:9      | Noticed a cyclops
  6353 | D:9      | Noticed a two-headed ogre
  6353 | D:9      | Noticed an eight-headed hydra
  6354 | D:9      | 6354 ||| INVOKING Heroism.
  6354 | D:9      | Noticed a deep elf pyromancer
  6355 | D:9      | 6355 ||| Stepping ~*~*~tactically~*~*~ (outnumbered).
  6356 | D:9      | 6356 ||| Stepping ~*~*~tactically~*~*~ (outnumbered).
  6357 | D:9      | 6357 ||| Stepping ~*~*~tactically~*~*~ (retreating).
  6357 | D:9      | Noticed a death knight
  6358 | D:9      | 6358 ||| Stepping ~*~*~tactically~*~*~ (retreating).
  6359 | D:9      | 6359 ||| Stepping ~*~*~tactically~*~*~ (retreating).
  6360 | D:9      | 6360 ||| Stepping ~*~*~tactically~*~*~ (retreating).
  6362 | D:9      | 6362 ||| Stepping ~*~*~tactically~*~*~ (retreating).
  6363 | D:9      | 6363 ||| Stepping ~*~*~tactically~*~*~ (retreating).
  6364 | D:9      | 6364 ||| Stepping ~*~*~tactically~*~*~ (retreating).
  6365 | D:9      | 6365 ||| Stepping ~*~*~tactically~*~*~ (retreating).
  6366 | D:9      | 6366 ||| Stepping ~*~*~tactically~*~*~ (retreating).
  6367 | D:9      | 6367 ||| Stepping ~*~*~tactically~*~*~ (retreating).
  6368 | D:9      | 6368 ||| Stepping ~*~*~tactically~*~*~ (retreating).
  6369 | D:9      | 6369 ||| Stepping ~*~*~tactically~*~*~ (retreating).
  6370 | D:9      | 6370 ||| Stepping ~*~*~tactically~*~*~ (retreating).
  6371 | D:9      | 6371 ||| Stepping ~*~*~tactically~*~*~ (retreating).
  6372 | D:9      | 6372 ||| Stepping ~*~*~tactically~*~*~ (retreating).
  6373 | D:9      | 6373 ||| Stepping ~*~*~tactically~*~*~ (retreating).
  6374 | D:9      | 6374 ||| Stepping ~*~*~tactically~*~*~ (retreating).
  6377 | D:9      | 6377 ||| Stepping ~*~*~tactically~*~*~ (retreating).
  6378 | D:9      | 6378 ||| Stepping ~*~*~tactically~*~*~ (retreating).
  6379 | D:9      | Killed a two-headed ogre
  6382 | D:9      | 6382 ||| INVOKING Heroism.
  6385 | D:9      | HP: 16/64 [death knight/+0 glaive (18)]
  6386 | D:9      | 6386 ||| READING 2 scrolls of teleportation.
  6386 | D:9      | Slain by a death knight

Levels and vault maps discovered:
D:1:      scummos_arrival_star, layout_loops_cross, serial_shops,
          nicolae_shop_crystal, shapermc_ecumenical_altar_notcrosses
D:2:      minmay_evil_eye, layout_basic
D:3:      cheibrodos_thug_alley, layout_rooms,
          mainiacjoe_overflow_concentric_impassable
D:4:      layout_cave_pods, serial_bayou, serial_bayou_shore_a,
          serial_bayou_shore_b, serial_bayou_lagoon_b, serial_bayou_crossing,
          kennysheep_potato
D:5:      layout_basic, mainiacjoe_overflow_alcove_2, grunt_ministairs_1
D:6:      corexii_shack_village, layout_basic, gammafunk_temple_overflow_claw,
          minmay_temple_entry_water_ring, serial_shops,
          nicolae_shop_bloodbath_and_beyond, nicolae_shop_distant_corner_stores
D:7:      layout_basic, gammafunk_ghost_berserking_beasts
D:8:      layout_basic, nicolae_shop_self_help
D:9:      nzn_winding_woodlands_small [nzn_winding_woodlands_5x15_cabin,
          nzn_winding_woodlands_center_pierced_h,
          nzn_winding_woodlands_5x15_split_checker], layout_basic,
          mainiacjoe_overflow_surrounded_room, grunt_ministairs_9
Temple:   zaba_magenta_temple

Skill      XL: |  1  2  3  4  5  6  7  8  9 10 |
---------------+-------------------------------+-----
Ranged Weapons | 5 6 7 8 10 11 12 | 12.9
Fighting       | 3 4 5 6 8 |  8.0
Armour         | 2 3 |  3.2
Dodging        | 2 3 |  3.0
Invocations    | 4 |  4.1
Stealth        | |  1.1

Action                     |  1- 3 |  4- 6 |  7- 9 | 10-12 || total
---------------------------+-------+-------+-------+-------++-------
   Fire: Shortbow          |   114 |   173 |   196 |       ||   483
         Arbalest          |       |       |   169 |    86 ||   255
 Invoke: Heroism           |       |       |     3 |     5 ||     8
    Use: Scroll            |     5 |     2 |    10 |     2 ||    19
         Potion            |       |     1 |     4 |     2 ||     7
 Armour: Leather armour    |    12 |    20 |   116 |    30 ||   178
         Ring mail         |     1 |    26 |       |       ||    27
  Dodge: Dodged            |    15 |    62 |   176 |    48 ||   301
  Block: Other             |     1 |    19 |    56 |    19 ||    95
         Reflection        |       |     1 |     1 |     3 ||     5

Table legend:
 A = Non-vault XP
 B = Vault XP
 C = Vault XP percentage of total XP
 D = Non-vault monster count
 E = Vault monster count
 F = Vault count percentage of total count
                 A         B        C        D         E       F
            +---------+---------+-------+---------+---------+-------
      Total |    5836 |    1696 |  22.5 |     175 |      43 |  19.7
            +---------+---------+-------+---------+---------+-------
        D:1 |      39 |       0 |   0.0 |      19 |       0 |   0.0
        D:2 |      28 |       8 |  22.2 |      15 |       6 |  28.6
        D:3 |      92 |     205 |  69.0 |      16 |      11 |  40.7
        D:4 |     392 |       2 |   0.5 |      28 |       1 |   3.4
        D:5 |     823 |     119 |  12.6 |      20 |       4 |  16.7
        D:6 |     870 |      32 |   3.5 |      12 |      15 |  55.6
        D:7 |    1073 |       0 |   0.0 |      22 |       0 |   0.0
        D:8 |    1469 |      72 |   4.7 |      27 |       1 |   3.6
        D:9 |    1050 |    1258 |  54.5 |      16 |       5 |  23.8
            +---------+---------+-------+---------+---------+-------
